[Event "Late-Titled-Tuesday-Blitz-March-26-2024"]
[Site "Chess.com"]
[Date "2024.03.26"]
[Round "5"]
[White "vladislavkovalev"]
[Black "Oleg_Papayan"]
[Result "1-0"]
[WhiteElo "2875"]
[BlackElo "2633"]
[TimeControl "180+1"]
[EndTime "14:58:03 PDT"]
[Termination "vladislavkovalev won by resignation"]

1. e4 d5 2. exd5 Qxd5 3. Nc3 Qd8 4. d4 c6 5. h3 Bf5 6. Nf3 e6 7. Be2 Nd7 8. O-O Be7 9. Re1 Ngf6 10. Nh4 Bg6 11. Bf3 O-O 12. Nxg6 hxg6 13. g3 a5 14. h4 a4 15. a3 Nb6 16. Kg2 Nc4 17.
Qd3 Nd6 18. Ne2 Nf5 19. c3 Rc8 20. Nf4 c5 21. d5 c4 22. Qd1 exd5 23. Nxd5 Nxd5 24.
Bxd5 b5 25. Bf4 Bf6 26. Qf3 Qb6 27. h5 Ne7 28. hxg6 Nxg6 29. Be3 Qd6 30. Rad1 Qe5 31. Bc1 Qc7 32. Qh5 Rfd8 33. Rh1 Kf8 34. Rde1 Be5 35. Bg5 Ke8 36. Be4 Rd6 37. Bf5 Qc6+ 38. Be4 Qd7 39.
Qf3 Qe6 40. Bf5 Qd5 41. Bxc8 Qxf3+ 42. Kxf3 Rd3+ 43. Kg2 f6 44. Bf5 Kf7 45. Bxd3 cxd3 46. Be3 Ne7 47. Rd1 Nc8 48. Rxd3 Nd6 49. Rxd6 Bxd6 50. Rd1 1-0

[Event "Late-Titled-Tuesday-Blitz-March-26-2024"]
[Site "Chess.com"]
[Date "2024.03.26"]
[Round "5"]
[White "Slovak_fighter2000"]
[Black "leandrojimenez"]
[Result "1-0"]
[WhiteElo "2599"]
[BlackElo "2421"]
[TimeControl "180+1"]
[EndTime "14:58:03 PDT"]
[Termination "Slovak_fighter2000 won on time"]

1. e4 e5 2. Nf3 Nc6 3. Nc3 Nf6 4. d4 exd4 5. Nxd4 Bb4 6. Nxc6 bxc6 7. Bd3 d5 8. exd5 O-O 9. O-O cxd5 10. Bg5 Be7 11. h3 Be6 12. Qf3 c5 13. Rad1 d4 14.
Ne4 Nxe4 15. Qxe4 g6 16. Bxe7 Qxe7 17. Bc4 Qf6 18. Bxe6 fxe6 19. f4 Rab8 20. b3 Qf5 21. Rfe1 Qxf4 22. Qxf4 Rxf4 23. Rxe6 c4 24. Re7 cxb3 25.
axb3 Rc8 26. Rd2 a5 27. Re5 Ra8 28. Rd5 a4 29. R5xd4 Rxd4 30. Rxd4 axb3 31. cxb3 Ra2 32. Rd8+ Kg7 33. Rd7+ Kh6 34. Rb7 Rb2 35. Kh2 Kg5 36.
Kg3 h5 37. Kf3 h4 38. b4 Rb3+ 39. Kf2 Kf4 40. Rf7+ Kg5 41. Rb7 Kf4 42. Rg7 Rb2+ 43.
Kg1 g5 44. Rf7+ Ke5 45. Rb7 Kf4 46. Kh2 Ke3 47. Rb5 Kf4 48. Rb8 Ke3 49. b5 Kd4 50. b6 Kc5 51. Rg8 Rxb6 52. Rxg5+ 1-0

[Event "Late-Titled-Tuesday-Blitz-March-26-2024"]
[Site "Chess.com"]
[Date "2024.03.26"]
[Round "5"]
[White "TemploVillamarin"]
[Black "Aram7Adam"]
[Result "1-0"]
[WhiteElo "2254"]
[BlackElo "2429"]
[TimeControl "180+1"]
[EndTime "14:58:04 PDT"]
[Termination "TemploVillamarin won by checkmate"]

1. d4 d5 2. Nc3 Nf6 3. e4 dxe4 4. f3 exf3 5. Nxf3 Bg4 6. Bc4 e6 7. Be3 Nbd7 8. d5 Nb6 9. Bb5+ Nfd7 10. dxe6 fxe6 11. O-O Be7 12. Qd4 O-O 13. Qxg4 Nf6 14. Qxe6+ Kh8 15. Ne5 Nbd5 16. Nxd5 Nxd5 17. Nf7+ Rxf7 18.
Rxf7 Bf6 19. Rd7 Qf8 20. Qxd5 c6 21. Bxc6 bxc6 22. Qxc6 Rc8 23. Qe4 Re8 24. Qd3 Qb4 25. Rd1 Qg4 26. Bf2 h6 27. c3 a5 28. Re1 Rb8 29. Rf7 Rd8 30. Qe4 Qh5 31. Rxf6 gxf6 32. Qe7 Rg8 33. Bd4 Rxg2+ 34. Kxg2 Qg4+ 35. Kf2 Qf4+ 36.
Ke2 Qg4+ 37. Kd3 Qf5+ 38. Qe4 Qb5+ 39. Kc2 Qa4+ 40. Kb1 Kg8 41. Bxf6 Qxe4+ 42. Rxe4 Kf7 43. Bd4 Kg6 44. Bb6 a4 45. Rxa4 h5 46. Be3 Kf5 47. h4 Kg6 48. Rf4 Kh7 49. a4 Kg6 50. a5 Kg7 51. a6 Kg6 52. a7 Kg7 53. a8=Q Kh7 54. Qb7+ Kg6 55. Qc6+ Kg7 56. Qd7+ Kg6 57. Qe6+ Kg7 58.
Rf7+ Kg8 59. Qe8# 1-0

[Event "Late-Titled-Tuesday-Blitz-March-26-2024"]
[Site "Chess.com"]
[Date "2024.03.26"]
[Round "5"]
[White "Xavier_mompel"]
[Black "HelenaWalker2912"]
[Result "0-1"]
[WhiteElo "2344"]
[BlackElo "2497"]
[TimeControl "180+1"]
[EndTime "14:58:06 PDT"]
[Termination "HelenaWalker2912 won by resignation"]

1. e4 c6 2. d4 d5 3. Nc3 dxe4 4. Nxe4 Nf6 5. Nxf6+ exf6 6. c3 Bd6 7. Bd3 O-O 8. Qc2 Re8+ 9. Ne2 h5 10. Be3 Nd7 11. c4 Nf8 12. O-O-O Be6 13. Kb1 Rc8 14. Ng3 b5 15. c5 Bb8 16. Be4 Qd7 17. h3 Bxg3 18. fxg3 f5 19. Bf3 Bxa2+ 20. Kxa2 Rxe3 21. d5 cxd5 22. Rxd5 Qe6 23. Qxf5 Rxc5 24. Qxe6 Nxe6 25. Rxc5 Nxc5 26. Rc1 Nd3 27. Rc8+ Kh7 28. Rc3 g6 29. Kb1 b4 30. Rb3 a5 31. Bc6 Kg7 32. Bb5 Re1+ 33.
Kc2 Nc5 34. Rf3 f5 35. b3 Rg1 36. Rf2 Ne4 37. Re2 Nxg3 38. Rd2 Ne4 39. Rd7+ Kh6 40. Bc4 Rxg2+ 41. Kd1 Nc3+ 42. Ke1 Rg3 43. Kf2 h4 44. Rd6 Rxh3 45. Rc6 Rg3 46. Ra6 Ne4+ 47.
Kf1 h3 48. Bf7 h2 49. Rxg6+ Rxg6 50. Bxg6 Kxg6 51. Kg2 Kf6 52. Kxh2 Ke5 0-1

[Event "Late-Titled-Tuesday-Blitz-March-26-2024"]
[Site "Chess.com"]
[Date "2024.03.26"]
[Round "5"]
[White "Shahdad2007"]
[Black "Quattroporte300"]
[Result "0-1"]
[WhiteElo "2622"]
[BlackElo "2493"]
[TimeControl "180+1"]
[EndTime "14:58:07 PDT"]
[Termination "Quattroporte300 won on time"]

1. Nf3 c5 2. g3 d5 3. Bg2 Nc6 4. d4 cxd4 5. Nxd4 Nf6 6. O-O e5 7. Nxc6 bxc6 8. c4 Be6 9. Nc3 h6 10. Qa4 Qd7 11. Rd1 Rd8 12. Be3 Be7 13. cxd5 cxd5 14.
Qxd7+ Rxd7 15. Na4 O-O 16. Bc5 Rc8 17. Rac1 Rdc7 18.
b4 d4 19. Ra1 Kf8 20. f4 exf4 21. gxf4 Bxc5 22. Nxc5 Rd8 23. Rd2 Nh5 24. Rf1 Ke7 25. f5 Bc8 26. Rfd1 Nf4 27. Bf3 d3 28. Nxd3 Nxd3 29.
Rxd3 Rxd3 30. Rxd3 Bxf5 31. Rd2 Rc4 32. Rb2 Kd6 33. Kf2 Rh4 34. Kg3 Rc4 35. a4 g5 36. a5 Rc2 37. Rb3 Be6 38. Rd3+ Kc7 39. b5 Rc5 40. b6+ axb6 41. a6 Ra5 42. Rc3+ Kb8 43.
Bb7 b5 44. Rc5 Ka7 45. Kf2 Kb6 46. Rc6+ Ka7 0-1

[Event "Late-Titled-Tuesday-Blitz-March-26-2024"]
[Site "Chess.com"]
[Date "2024.03.26"]
[Round "5"]
[White "Oleksandr_Bortnyk"]
[Black "DrVelja"]
[Result "0-1"]
[WhiteElo "3047"]
[BlackElo "3020"]
[TimeControl "180+1"]
[EndTime "14:58:08 PDT"]
[Termination "DrVelja won on time"]

1. e4 c5 2. c3 Nf6 3. e5 Nd5 4. d4 cxd4 5. Nf3 d6 6. cxd4 Nc6 7. Bc4 Nb6 8. Bb5 dxe5 9. Nxe5 Bd7 10. Nxd7 Qxd7 11.
O-O e6 12. Nc3 Rd8 13. Be3 Be7 14. Qg4 O-O 15. Rfd1 Nd5 16. Bh6 Bf6 17. Ne4 Qe7 18.
Bxc6 bxc6 19. h3 Rb8 20. b3 Kh8 21. Nxf6 Qxf6 22. Bg5 Qg6 23. Rac1 f5 24. Qh4 f4 25.
Rxc6 h6 26. Be7 f3 27. g3 Rf4 28. g4 Re8 29. Bd6 Re4 30. Be5 Kh7 31. Kh2 Re2 32. Qg3 Rf8 33. Rdc1 Qd3 34. Rxe6 Qd2 35. Rf1 Ne3 36.
Rg1 Rxf2+ 37. Kh1 Nf1 38. Qxf2 Qxf2 39. Re7 Rg8 40. g5 hxg5 41. Rxg5 Kh6 42. Rg4 g5 43. h4 Kh5 44. Rg1 g4 0-1

[Event "Late-Titled-Tuesday-Blitz-March-26-2024"]
[Site "Chess.com"]
[Date "2024.03.26"]
[Round "5"]
[White "Gravity_Chess"]
[Black "TimGrutter03"]
[Result "1/2-1/2"]
[WhiteElo "2833"]
[BlackElo "2600"]
[TimeControl "180+1"]
[EndTime "14:58:09 PDT"]
[Termination "Game drawn by repetition"]

1. c4 c5 2. Nc3 Nc6 3. Nf3 Nf6 4. d4 cxd4 5. Nxd4 g6 6. Nxc6 bxc6 7. Qa4 Bg7 8. g3 O-O 9. Bg2 Qb6 10. O-O Bb7 11. b3 c5 12. Bd2 Bxg2 13. Kxg2 Qb7+ 14. f3 d5 15. Bg5 e6 16. Qb5 Qxb5 17. Nxb5 a6 18. Na3 h6 19. Bxf6 Bxf6 20. Rad1 Rfd8 21. Rd3 Bb2 22. Nc2 dxc4 23. bxc4 Rxd3 24. exd3 Rd8 25. Rd1 Bc3 26. Na3 Rb8 27. Rb1 Rd8 28. Rb3 Be5 29.
f4 Bf6 30. Kf3 e5 31. Nc2 exf4 32. gxf4 Bd4 33. Rb6 Bc3 34. Ke2 Re8+ 35. Kd1 Rd8 36. Ke2 Re8+ 37. Kf3 Rd8 38. Ke4 a5 39. Ne3 Rd4+ 40.
Kf3 Rxd3 41. Ke4 Rd4+ 42. Kf3 Bd2 43. Nd5 Rxc4 44. Rc6 Bb4 45. Nf6+ Kg7 46. Ne8+ Kf8 47. Nd6 Rc2 48. Rc7 Rxa2 49. Rxf7+ Kg8 50. Rc7 a4 51. Ne4 Rc2 52. Nf6+ Kf8 53. Rd7 a3 54. Nh7+ Ke8 55. Nf6+ Kf8 56. Nh7+ Ke8 57. Nf6+ Kf8 1/2-1/2

[Event "Late-Titled-Tuesday-Blitz-March-26-2024"]
[Site "Chess.com"]
[Date "2024.03.26"]
[Round "5"]
[White "Tol_Tol"]
[Black "ImportedItalianMaple"]
[Result "0-1"]
[WhiteElo "2298"]
[BlackElo "2516"]
[TimeControl "180+1"]
[EndTime "14:58:10 PDT"]
[Termination "ImportedItalianMaple won on time"]

1. d4 g6 2. c4 Bg7 3. Nc3 c5 4. d5 Bxc3+ 5. bxc3 e5 6. dxe6 dxe6 7. Qxd8+ Kxd8 8. g3 Nc6 9. Be3 b6 10. Bg2 Bb7 11. Rb1 Kc7 12. Nh3 Nge7 13. Ng5 Raf8 14.
O-O h6 15. Ne4 f5 16. Nd2 g5 17. Nb3 e5 18. Rfd1 f4 19. Bc1 Rd8 20. Bd5 Rd6 21.
e4 fxe3 22. Bxe3 Rhd8 23. Bxc5 bxc5 24. Nxc5 Bc8 25. Ne4 Rg6 26. Bf7 Rg7 27. Rxd8 Nxd8 28. Bd5 Bf5 29. Re1 Nxd5 30. cxd5 Bxe4 31. Rxe4 Kd6 32.
c4 Nb7 33. Re3 Nc5 34. Ra3 a6 35. Rf3 Ne4 36. Rb3 Kc5 37. f3 Nd2 38. Rd3 Nxc4 39. Kf2 Rd7 40. Rb3 Rxd5 41. Rb8 Rd2+ 42. Kg1 Rxa2 43.
Rc8+ Kd4 44. Rh8 Ke3 45. Rxh6 Kxf3 46. Rf6+ Kg4 47. Re6 a5 0-1

[Event "Late-Titled-Tuesday-Blitz-March-26-2024"]
[Site "Chess.com"]
[Date "2024.03.26"]
[Round "5"]
[White "Keks2017"]
[Black "carokannlover213"]
[Result "1/2-1/2"]
[WhiteElo "2577"]
[BlackElo "2831"]
[TimeControl "180+1"]
[EndTime "14:58:11 PDT"]
[Termination "Game drawn by repetition"]

1. e4 c5 2. d3 Nc6 3. g3 g6 4. Bg2 Bg7 5. f4 e6 6. Nf3 d6 7. O-O Nge7 8. c3 O-O 9. Be3 b6 10. Bf2 Bb7 11. Re1 Rc8 12. a4 h6 13. Na3 a6 14.
Rb1 Qc7 15. Qb3 Na5 16. Qc2 Qd7 17. Nc4 Nxc4 18. dxc4 Bc6 19. b3 Qc7 20. Rbd1 Rfd8 21. Rd2 b5 22. axb5 axb5 23. Red1 bxc4 24. bxc4 Qb7 25.
Ne1 Qc7 26. Nd3 Ra8 27. e5 dxe5 28. Nxe5 Bxg2 29. Rxd8+ Rxd8 30. Rxd8+ Qxd8 31. Kxg2 Bxe5 32. fxe5 Qa8+ 33. Kg1 Qc6 34. Qd2 Kh7 35. Qf4 Qe8 36. Bxc5 Nf5 37. Bf2 Qc6 38. g4 g5 39. Qd2 Nh4 40.
Bxh4 gxh4 41. Qf4 Kg8 42. Qxh6 Qc5+ 43. Kg2 Qxc4 44. Qxh4 Qe4+ 45. Kg1 Qb1+ 46. Kg2 Qe4+ 47. Kh3 Qxe5 48. Qg3 Qe2 49. Kh4 Qd2 50. g5 Qe2 51. Qf4 Kg7 52. c4 Qc2 53. Qe5+ Kg8 54. c5 Qf2+ 55. Kg4 Qg2+ 56. Kh4 Qf2+ 57. Kh3 Qf3+ 58. Kh4 Qf2+ 1/2-1/2

[Event "Late-Titled-Tuesday-Blitz-March-26-2024"]
[Site "Chess.com"]
[Date "2024.03.26"]
[Round "5"]
[White "sotochess"]
[Black "Flaccidmoves"]
[Result "0-1"]
[WhiteElo "2585"]
[BlackElo "2449"]
[TimeControl "180+1"]
[EndTime "14:58:11 PDT"]
[Termination "Flaccidmoves won on time"]

1. e4 e6 2. Qe2 c5 3. Nf3 Nc6 4. g3 Nf6 5. Bg2 d5 6. d3 Be7 7. O-O O-O 8. e5 Nd7 9. h4 f6 10. exf6 Nxf6 11. Nbd2 Bd6 12. c4 Ng4 13. a3 Bd7 14. Rb1 a5 15. b3 Qc7 16. Ng5 Nge5 17. cxd5 Nd4 18. Qh5 h6 19. Nxe6 Nxe6 20. dxe6 Bxe6 21.
Qe2 Bg4 22. f3 Bf5 23. Ne4 Rae8 24. Bb2 Qd7 25. Rbd1 Nc6 26. f4 Nd4 27. Bxd4 cxd4 28. Qb2 Bxe4 29. dxe4 Bc5 30. b4 axb4 31. axb4 Bb6 32.
Kh2 Rc8 33. Bh3 Qa4 34. Rd2 Rc3 35. Rff2 Rb3 36. Be6+ Kh8 37. Qxb3 Qa1 38. Qd1 Qa3 39. Qg4 d3 40. Rg2 Be3 41. Ra2 Qc3 42. Bf5 Qf6 43.
Qf3 Qb6 44. Ra3 Rd8 45. e5 d2 46. Qd1 Rc8 47. Bg4 Qxb4 0-1

[Event "Late-Titled-Tuesday-Blitz-March-26-2024"]
[Site "Chess.com"]
[Date "2024.03.26"]
[Round "5"]
[White "jinxy2009"]
[Black "eightbyeightchess"]
[Result "1-0"]
[WhiteElo "2269"]
[BlackElo "2409"]
[TimeControl "180+1"]
[EndTime "14:58:11 PDT"]
[Termination "jinxy2009 won by checkmate"]

1. e4 e6 2. d4 d5 3. e5 c5 4. c3 Qb6 5. Nf3 Bd7 6. Be2 Bb5 7. Bxb5+ Qxb5 8. Na3 Qa6 9. dxc5 Bxc5 10. b4 Bf8 11. Nd4 Nh6 12. Bxh6 gxh6 13. Nab5 Qb6 14. O-O a6 15. Na3 Nc6 16. Nxc6 Qxc6 17. Qb3 Bg7 18. c4 O-O 19. cxd5 Qxd5 20. Qh3 Qxe5 21. Nc4 Qe4 22. Rac1 Rfd8 23. Rfe1 Qg6 24. Qf3 b5 25. Ne5 Qf6 26. Qg3 Rac8 27. Nc6 Re8 28. h4 Kh8 29. Qe3 Rg8 30.
g3 Bf8 31. Ne5 Bxb4 32. Red1 Be7 33. Rxc8 Rxc8 34. Rd7 Re8 35. Ng4 Qg6 36. Nxh6 f5 37. Qd4+ Bf6 38. Qe3 Bg7 39. Nf7+ Kg8 40. Ng5 h6 41.
Nf3 Rf8 42. Qa7 f4 43. Kg2 fxg3 44. fxg3 Qf6 45. Nh2 Qb2+ 46. Kh3 Qe5 47. Ng4 Bf6 48. Nxe5 Bxe5 49. Rb7 Bd4 50. Qxa6 Rf6 51. Qa8+ Rf8 52. Rb8 Kg7 53. Rxf8 Kg6 54. Rg8+ Kh5 55. Qe8# 1-0

[Event "Late-Titled-Tuesday-Blitz-March-26-2024"]
[Site "Chess.com"]
[Date "2024.03.26"]
[Round "5"]
[White "Iuckyducky"]
[Black "misterlamine"]
[Result "1/2-1/2"]
[WhiteElo "2318"]
[BlackElo "2475"]
[TimeControl "180+1"]
[EndTime "14:58:12 PDT"]
[Termination "Game drawn - insufficient material"]

1. d4 Nf6 2. Nf3 g6 3. c4 Bg7 4. g3 O-O 5. Bg2 d6 6. O-O Nbd7 7. Nc3 c5 8. Re1 cxd4 9. Nxd4 Ne5 10. b3 a6 11. Bb2 Bd7 12. Bxb7 Rb8 13. Bxa6 Qb6 14.
Bb5 Bxb5 15. Ncxb5 Ne4 16. a4 Ra8 17. Qc2 Qb7 18. a5 Nxf2 19. e4 Nfd3 20. Re3 Nxb2 21. Qxb2 f5 22. Qg2 f4 23. gxf4 Rxf4 24. Qe2 Rg4+ 25. Kh1 Rh4 26. Qe1 Rh5 27. Rd1 Ng4 28.
Re2 Be5 29. Nf3 Rxa5 30. Qxa5 Nxh2 31. Nxh2 Rxh2+ 32. Rxh2 Qxe4+ 33. Kg1 Bxh2+ 34. Kxh2 Qe2+ 35. Kh3 Qxd1 36. Qd8+ Kf7 37. Qc8 Qf3+ 38. Kh2 Qf2+ 39. Kh3 Qf3+ 40. Kh2 Qxb3 41. Qg4 Qc2+ 42. Kh3 Qf5 43. Kg3 h5 44. Qxf5+ gxf5 45. Nd4 Kf6 46. Kh4 Ke5 47. Nf3+ Ke4 48. Nh2 Kd4 49. Kxh5 Kxc4 50. Kg5 e6 51. Kf6 Kd5 52. Nf3 Ke4 53. Ng5+ Kf4 54.
Nxe6+ Ke4 55. Ng5+ Kf4 56. Ne6+ Ke3 57. Kxf5 d5 58. Ke5 d4 59. Nxd4 1/2-1/2

[Event "Late-Titled-Tuesday-Blitz-March-26-2024"]
[Site "Chess.com"]
[Date "2024.03.26"]
[Round "5"]
[White "Levanzovsky"]
[Black "dasatcu90"]
[Result "1-0"]
[WhiteElo "2418"]
[BlackElo "2233"]
[TimeControl "180+1"]
[EndTime "14:58:13 PDT"]
[Termination "Levanzovsky won by resignation"]

1. e4 c6 2. Nc3 d5 3. Nf3 Bg4 4.
Be2 e6 5. d4 dxe4 6. Nxe4 Nf6 7. Nxf6+ gxf6 8. Bf4 Bd6 9. Qd2 Qc7 10. Bxd6 Qxd6 11.
O-O-O Nd7 12. Ne1 Bxe2 13. Qxe2 O-O-O 14. c3 Rhg8 15. Kb1 Rg5 16. g3 Ra5 17. Nd3 Nb6 18.
Nc5 Qd5 19. b3 Nd7 20. Nxd7 Rxd7 21. c4 Qf5+ 22. Kb2 Ra6 23. Rd3 Qa5 24. Kb1 Qf5 25.
Rd1 b5 26. cxb5 cxb5 27. Kb2 Qd5 28. Rc3+ Rc7 29. Rxc7+ Kxc7 30. Rc1+ Rc6 31. Rxc6+ Kxc6 32. Qc2+ Kb6 33. Qc3 a5 34. a4 b4 35. Qd3 e5 36.
Qxh7 Qxd4+ 37. Kb1 Qd1+ 38. Kb2 Qd2+ 39. Qc2 Qd4+ 40.
Kb1 e4 41. Qe2 f5 42. Qe3 Kc5 43. h4 Kd5 44. Qxd4+ Kxd4 45. Kc2 Ke5 46. Kd2 Kf6 47. Ke3 Kg6 48. Kf4 Kf6 49. h5 e3 50. fxe3 Ke6 51. h6 Kf6 52. h7 Kg7 53. Kxf5 Kxh7 54. Kf6 Kg8 55. g4 Kf8 56. g5 Kg8 57. e4 Kf8 58.
e5 Ke8 59. e6 fxe6 60. Kxe6 Kf8 61. Kf6 Kg8 62. Kg6 Kf8 63. Kh7 Ke7 64. g6 Kd6 65. g7 Kd5 66. g8=Q+ Kd4 67. Qc4+ 1-0

[Event "Late-Titled-Tuesday-Blitz-March-26-2024"]
[Site "Chess.com"]
[Date "2024.03.26"]
[Round "5"]
[White "PapaieDudu"]
[Black "TheMagician"]
[Result "1-0"]
[WhiteElo "2432"]
[BlackElo "2273"]
[TimeControl "180+1"]
[EndTime "14:58:15 PDT"]
[Termination "PapaieDudu won on time"]

1. Nf3 d5 2. d4 c6 3. c4 Nf6 4. Nc3 g6 5. Bf4 Bg7 6. e3 O-O 7. Bd3 Bg4 8. h3 Bxf3 9. Qxf3 dxc4 10.
Bxc4 Nbd7 11. O-O Qa5 12. Bb3 e5 13. dxe5 Nxe5 14. Qe2 Rad8 15. Rad1 Rxd1 16. Rxd1 Re8 17. Bh2 b5 18. e4 Qb6 19. Bf4 a5 20. Be3 Qb8 21.
f4 Nc4 22. Bxc4 bxc4 23. e5 Nh5 24. g4 Bxe5 25. fxe5 Ng3 26. Qf2 Qxe5 27. Bd4 Ne2+ 28.
Nxe2 Qxe2 29. Qxe2 Rxe2 30. Bc3 f5 31. Rd4 fxg4 32.
hxg4 a4 33. Rxc4 a3 34. bxa3 Rxa2 35. Bb4 h5 36. g5 Kf7 37. Rxc6 h4 38. Rf6+ Kg7 39.
Rf4 h3 40. Rg4 Kf7 41. Kh1 Ke6 42. Rg3 Kf5 43. Be7 h2 44. Rh3 Re2 45. Bf6 Ra2 46. Rg3 Kf4 47. Rh3 Kg4 48. Rc3 1-0

[Event "Late-Titled-Tuesday-Blitz-March-26-2024"]
[Site "Chess.com"]
[Date "2024.03.26"]
[Round "5"]
[White "prochn"]
[Black "ChessSwole"]
[Result "0-1"]
[WhiteElo "2505"]
[BlackElo "2673"]
[TimeControl "180+1"]
[EndTime "14:58:16 PDT"]
[Termination "ChessSwole won on time"]

1. d4 d5 2. c4 e6 3. g3 Nf6 4.
Bg2 Be7 5. Nf3 O-O 6. O-O dxc4 7. Qc2 a6 8. a4 Bd7 9. Qxc4 Bc6 10. Bg5 Bd5 11. Qc2 Be4 12. Qc1 a5 13. Nc3 Bxf3 14.
Bxf3 c6 15. e3 Na6 16. Bxf6 Bxf6 17. Ne4 g6 18. h4 h5 19. Rd1 Nb4 20. Qc3 Bg7 21. Qb3 Qe7 22. Nc5 Rfd8 23. Nd3 Nxd3 24. Rxd3 Bf8 25. Rc1 Qb4 26. Qc2 Rd7 27. Kg2 Rad8 28.
Rc3 Bg7 29. Rc5 Bf8 30. Rc4 Qb6 31. g4 hxg4 32. Bxg4 Bg7 33. h5 gxh5 34. Bxh5 Rd5 35. Rh1 Rg5+ 36. Kf1 e5 37. Rc5 Qa6+ 38. Be2 Qb6 39.
Qh7+ Kf8 40. Qh4 Bf6 41. Qh6+ Ke7 42. Rxe5+ Rxe5 43. dxe5 Bxe5 44. Qh4+ Bf6 45. Qe4+ Kd7 46. Bg4+ Kc7 47. Qf4+ Rd6 48. Rh8 Qxb2 49. Kg2 Bxh8 50.
Qxf7+ Kb6 51. Bc8 Ka7 52. Bxb7 Qxb7 53. Qh5 Qg7+ 54. Kf1 Rd5 55. Qe8 Qd7 0-1

[Event "Late-Titled-Tuesday-Blitz-March-26-2024"]
[Site "Chess.com"]
[Date "2024.03.26"]
[Round "5"]
[White "MetiForce"]
[Black "Bryanl106"]
[Result "0-1"]
[WhiteElo "2889"]
[BlackElo "2682"]
[TimeControl "180+1"]
[EndTime "14:58:17 PDT"]
[Termination "Bryanl106 won on time"]

1. c4 Nf6 2. Nc3 g6 3. e4 d6 4. d4 Bg7 5. Be2 O-O 6. Be3 c5 7. d5 e6 8. Nf3 Ng4 9. Bg5 Qb6 10. Qd2 h6 11. Bh4 Ne5 12. O-O Nxf3+ 13. Bxf3 Nd7 14.
Rad1 Ne5 15. Be2 g5 16. Bg3 Ng6 17. Bh5 Nf4 18. Bxf4 gxf4 19. Qxf4 Qxb2 20. Nb5 Qe5 21. Qxe5 dxe5 22. Nc7 Rb8 23. dxe6 Bxe6 24. Nxe6 fxe6 25. Rd7 Rfd8 26. Rfd1 Bf6 27. Bf7+ Kf8 28. Bxe6 Rxd7 29. Rxd7 Rd8 30. Rf7+ Ke8 31. g3 Rd1+ 32. Kg2 Be7 33. Rh7 Rd2 34. a4 Ra2 35. Rxh6 Rxa4 36. Rh8+ Bf8 37.
Rh7 Be7 38. h4 Ra6 39. Bd5 Rb6 40. h5 a5 41. h6 Bf8 42. Rxb7 Rxb7 43. Bxb7 Bxh6 44.
Bc6+ Ke7 45. Kh3 Kf6 46. Kg4 Bd2 47. f4 Be1 48. Kf3 Bd2 49. Kg4 Bc1 50. Ba4 Bd2 51. Kf3 Bc1 52. Bc6 Bd2 53. f5 Kg5 54. Bd7 Bc1 55. Ke2 Kf6 56. Kd1 Bh6 57. Kc2 Be3 58.
Kb3 Bd2 59. Ka4 Bb4 60. Kb5 Kg5 61. Kb6 Kf6 62. Kc7 Bc3 63. Kd6 Bb4 64. g4 Ba3 65. Bb5 Bb4 66. g5+ Kxg5 67. Kxe5 Bc3+ 68. Ke6 Kf4 69. f6 Kxe4 70. f7 Bg7 71. Kd6 Kd4 72. Kc6 a4 73. Bxa4 Kxc4 74. Kd6 Kd4 75. Ke6 c4 0-1

[Event "Late-Titled-Tuesday-Blitz-March-26-2024"]
[Site "Chess.com"]
[Date "2024.03.26"]
[Round "5"]
[White "Fandorine"]
[Black "Jimonios"]
[Result "1-0"]
[WhiteElo "2898"]
[BlackElo "2614"]
[TimeControl "180+1"]
[EndTime "14:58:18 PDT"]
[Termination "Fandorine won by resignation"]

1. e4 e5 2. Nf3 Nc6 3. Nc3 Nf6 4. g3 d5 5. exd5 Nxd5 6. Bg2 Nxc3 7. bxc3 Bd6 8. O-O O-O 9. Re1 Bg4 10. h3 Bh5 11. g4 Bg6 12. d3 e4 13. dxe4 Bxe4 14. Rb1 Rb8 15. Be3 Qf6 16. Bd4 Nxd4 17. Qxd4 Qxd4 18.
Nxd4 Bxg2 19. Kxg2 Rfd8 20. Re4 c6 21. h4 Bf8 22. g5 Rd5 23. Nxc6 Rc8 24. Nxa7 Rxc3 25. Rxb7 Rxc2 26. Rf4 Rdd2 27. Rbxf7 Bd6 28. Rf3 Bc5 29. Nb5 Rxa2 30. Nc3 Ra8 31. Ne4 Rf8 32. Nxd2 Rxf7 33. Ne4 Be7 34. Re3 Rf4 35. Kg3 Rf8 36. Kg4 Bd8 37.
f4 g6 38. Rd3 Be7 39. Rd7 Kf7 40. Rb7 Ke6 41. Rb6+ Kf7 42. h5 gxh5+ 43. Kxh5 Kg8 44.
Kg4 Kf7 45. Ng3 Rd8 46. Rb7 Ke6 47. Nf5 Bf8 48. Rxh7 Rd5 49. Ra7 Rb5 50. Ra6+ Kd5 51. Rf6 Ba3 52. Ng3 Kd4 53. Re6 Bc1 54. Ne2+ Kd5 55.
Re5+ Kc6 56. Rxb5 1-0

[Event "Late-Titled-Tuesday-Blitz-March-26-2024"]
[Site "Chess.com"]
[Date "2024.03.26"]
[Round "5"]
[White "BillieKimbah"]
[Black "Josetricks"]
[Result "1-0"]
[WhiteElo "2960"]
[BlackElo "2700"]
[TimeControl "180+1"]
[EndTime "14:58:20 PDT"]
[Termination "BillieKimbah won on time"]

1. d4 g6 2. h4 Nf6 3. Nc3 d5 4. Bf4 a6 5. e3 Bg7 6. h5 gxh5 7.
Be2 Bf5 8. Bxh5 Nxh5 9. Rxh5 e6 10. Rxf5 exf5 11. Qh5 Qd7 12. Qg5 Rg8 13. Nge2 Nc6 14.
Ng3 Ne7 15. O-O-O O-O-O 16. Qh5 Ng6 17. Nxf5 Nxf4 18. exf4 Bf8 19. g3 Bb4 20. Ne2 Rde8 21. Ne3 Kb8 22. a3 Ba5 23. Rh1 Qb5 24. Qf3 Re4 25.
Rh5 c6 26. b4 Bb6 27. Nc3 Rxe3 28. fxe3 Qc4 29. Kd2 Re8 30. Qe2 Bxd4 31. Qxc4 Bxe3+ 32. Kd3 dxc4+ 33. Kxc4 Bd2 34. Nb1 Be1 35. Rxh7 Bxg3 36.
f5 f6 37. Nd2 Be5 38. Nb3 Rd8 39. Nc5 Rd4+ 40. Kb3 Rf4 41. Rxb7+ Kc8 42. Rh7 Rxf5 43.
Nxa6 Rf3+ 44. Ka2 Rf2 45. Rh8+ Kb7 46. Nc5+ Kb6 47. Kb3 Rf3+ 48. Ka4 Bd4 49. Nb3 Bc3 50. Na5 Be5 51. Rh7 1-0

[Event "Late-Titled-Tuesday-Blitz-March-26-2024"]
[Site "Chess.com"]
[Date "2024.03.26"]
[Round "5"]
[White "KingCrusher275"]
[Black "ValeriyGrinev"]
[Result "1/2-1/2"]
[WhiteElo "2484"]
[BlackElo "2615"]
[TimeControl "180+1"]
[EndTime "14:58:20 PDT"]
[Termination "Game drawn by repetition"]

1. d4 c5 2. d5 d6 3. c4 a6 4. e4 g6 5. Nf3 Bg7 6. Bd3 e6 7. O-O h6 8. Re1 e5 9. Nc3 Bg4 10. h3 Bxf3 11. Qxf3 Nd7 12. Bd2 Ne7 13. a3 O-O 14.
Qg3 Kh7 15. Rad1 f5 16. f4 exf4 17. Bxf4 Ne5 18. exf5 Nxf5 19. Bxf5 Rxf5 20. b3 Qf8 21. Rf1 Qe7 22. Qe3 Raf8 23. Ne4 b5 24. cxb5 axb5 25. Bg3 Rxf1+ 26. Rxf1 Nf3+ 27. Qxf3 Rxf3 28. gxf3 Bd4+ 29. Kg2 Qf7 30. Rd1 Kg7 31. Bxd6 Qxd5 32. Bxc5 Qxb3 33. Rxd4 Kf7 34. Rd6 Qc2+ 35. Kg3 g5 36. Rxh6 Qc1 37. Rf6+ Ke8 38. Rf5 Kd7 39. Rxg5 Kc6 40. h4 Qe1+ 41. Kg4 Qf1 42. h5 Qg2+ 43. Kf4 Qh2+ 44. Kf5 Qh3+ 45. Kf4 Qh4+ 46. Ke5 Qh2+ 47. f4 Qb2+ 48. Kf5 Qc2 49. Rg6+ Kd5 50. Rd6+ Kc4 51. Rd4+ Kb3 52. Be7 Qc8+ 53. Kf6 Qh8+ 54. Kg6 Qxd4 55. Ng5 Qe4+ 56. Kf7 Qxf4+ 57. Bf6 Qc4+ 58. Kg6 Kxa3 59. h6 Qg8+ 60. Bg7 Qe8+ 61. Kf5 Qd7+ 62. Kg6 Qd3+ 63. Kf6 b4 64. h7 Qd8+ 65. Kg6 Qe8+ 66. Kh6 Qc6+ 67.
Kh5 Qh1+ 68. Kg6 Qc6+ 69. Kh5 Qh1+ 70. Kg6 Qb1+ 71. Kh6 Qh1+ 72. Kg6 1/2-1/2

[Event "Late-Titled-Tuesday-Blitz-March-26-2024"]
[Site "Chess.com"]
[Date "2024.03.26"]
[Round "5"]
[White "PetrolulSah"]
[Black "Laico"]
[Result "0-1"]
[WhiteElo "2225"]
[BlackElo "2410"]
[TimeControl "180+1"]
[EndTime "14:58:20 PDT"]
[Termination "Laico won by resignation"]

1. d4 e6 2. Nf3 f5 3. Bf4 b6 4. c4 Bb7 5. Nc3 Bb4 6. Qb3 Bxc3+ 7. Qxc3 Nf6 8. e3 O-O 9. Bd3 d6 10. h3 Nbd7 11. g4 Bxf3 12. Rg1 Ne4 13. Bxe4 Bxe4 14. gxf5 exf5 15. d5 Ne5 16. Bxe5 dxe5 17. Qxe5 Qf6 18.
Qxf6 Rxf6 19. Ke2 f4 20. f3 Bf5 21. e4 Bxh3 22. e5 Re8 23. e6 Bf5 24. Kf2 a5 25. b3 a4 26. b4 Bd3 27. Rac1 Bg6 28. Rgd1 Rd8 29. Rd4 Rf5 30. Rcd1 Kf8 31. c5 Ke7 32. cxb6 cxb6 33. b5 Be8 34. Rxa4 Rfxd5 35. Ra7+ Kxe6 36. Re1+ Kf6 37. Rb7 Bxb5 38. Rxb6+ R8d6 39. Rxd6+ Rxd6 40. Re4 g5 41. a4 Bc6 42. Rc4 Bd5 43. Rd4 h5 44. a5 Ke5 45. Rd1 Ra6 46. Re1+ Kf5 47. Rd1 Rxa5 48. Rd2 g4 49. Kg1 Bxf3 50. Rb2 g3 51.
Rb1 Rd5 52. Kf1 Rd1+ 53. Rxd1 Bxd1 54. Kg2 Kg4 55. Kg1 Bf3 56. Kf1 h4 57. Kg1 h3 58.
Kf1 h2 0-1